Map: Lightshade LE

Players

LeKastlVania

  • Race: Terran Terran
  • League: Gold
  • Spawn Location: 11:00

jamestkirk - Winner!

  • Race: Terran Terran
  • League: Gold
  • Spawn Location: 5:00

VOD

Have the link to the VOD?

Description

Time

  • Played on: June 29, 2021, 8:15 p.m.
  • Length: 13:17
Show
View Real Time Build Order
Export as new Build Order

LeKastlVania Terran 

Build Orders: 1/1/1 

Get SALT Encoding   

  12  0:08  Refinery  
  12  0:21  Supply Depot, SCV  
  13  0:33  SCV  
  14  0:44  Barracks  
  14  0:53  Supply Depot  
  14  0:57  SCV  
  15  1:10  SCV  
  16  1:22  SCV, Refinery  
  17  1:34  Factory  
  17  1:35  Marine  
  18  1:40  SCV  
  19  1:52  SCV  
  19  1:53  Marine  
  21  2:06  SCV  
  22  2:11  Marine  
  23  2:17  Factory Tech Lab  
  23  2:21  Starport  
  23  2:29  Marine  
  24  2:36  Siege Tank  
  27  2:47  Marine  
  28  2:57  Medivac  
  30  3:00  Supply Depot  
  30  3:08  Marine  
  31  3:21  Siege Tank  
  31  3:22  Supply Depot  
  34  3:27  Medivac  
  34  3:31  Marine  
  37  3:39  Orbital Command  
  37  3:48  Marine  
  37  3:53  Siege Tank  
  41  4:09  Barracks Reactor  
  41  4:26  Siege Tank  
  26  5:16  Siege Tank  
  26  5:17  Marine  
  26  5:18  Marine  
  31  5:23  Medivac  
  33  5:31  Command Center  
  33  5:35  Marine x2  
  35  5:52  Siege Tank  
  35  5:53  Medivac, Marine x2  
  42  6:11  Marine x2  
  44  6:23  Medivac  
  46  6:36  Supply Depot  
  46  6:40  Marine  
  46  6:42  Marine  
  48  6:51  Supply Depot  
  48  6:58  Marine  
  48  7:00  Marine  
  50  7:10  Siege Tank  
  53  7:16  Marine  
  53  7:18  Marine  
  55  7:34  Liberator, Marine  
  55  7:36  Marine  
  60  7:42  Siege Tank  
  63  7:51  Marine  
  63  7:54  Marine  
  64  8:09  Marine  
  64  8:11  Marine  
  44  8:38  Starport Tech Lab  
  45  8:41  SCV  
  45  8:47  SCV  
  46  8:53  SCV  
  47  8:59  SCV  
  48  9:05  Medivac, SCV  
  48  9:06  Command Center  
  51  9:11  SCV  
  52  9:17  SCV  
  52  9:23  SCV  
  54  9:29  SCV  
  55  9:35  Medivac, SCV  
  58  10:00  SCV  
  58  10:04  SCV  
  58  10:05  Medivac  
  62  10:08  Siege Tank  
  62  10:13  SCV, Refinery  
  66  10:14  Refinery  
  66  10:16  SCV  
  67  10:25  SCV  
  67  10:28  SCV x2  
  70  10:32  Refinery  
  70  10:37  SCV  
  70  10:40  Siege Tank, SCV x2  
  76  10:49  SCV  
  74  10:52  SCV x2  
  76  11:04  SCV  
  77  11:12  Siege Tank  
  77  11:16  SCV  
  81  11:28  SCV  
  81  11:32  Fusion Core  
  82  11:38  Starport  
  82  11:40  SCV  
  82  11:41  Starport  
  38  12:35  Starport Tech Lab  
  33  12:37  Starport Tech Lab  
Show
View Real Time Build Order
Export as new Build Order

jamestkirk Terran - Winner!

Build Orders:  

Get SALT Encoding   

  12  0:00  SCV  
  13  0:12  SCV  
  14  0:18  Supply Depot  
  14  0:24  SCV  
  15  0:40  SCV  
  15  0:42  Barracks  
  16  0:45  Refinery  
  16  0:52  SCV  
  17  1:04  SCV  
  18  1:16  SCV  
  19  1:29  Marine  
  19  1:31  Orbital Command  
  20  1:41  Command Center  
  20  1:47  Marine  
  21  1:55  Supply Depot  
  21  2:07  Factory  
  21  2:12  SCV  
  22  2:16  Barracks Reactor  
  21  2:25  SCV  
  22  2:37  SCV  
  23  2:49  SCV  
  24  2:54  Marine x2  
  24  2:58  Orbital Command  
  26  3:01  Factory Tech Lab  
  26  3:04  SCV, Barracks  
  27  3:10  Refinery  
  27  3:16  Marine x2  
  27  3:17  SCV  
  30  3:24  Siege Tank  
  33  3:29  Supply Depot, SCV  
  33  3:30  SCV  
  35  3:41  SCV  
  36  3:42  SCV  
  36  3:44  Marine x2  
  39  3:53  Barracks Tech Lab, SCV  
  39  3:54  SCV  
  41  3:55  Starport  
  41  4:05  SCV  
  41  4:06  Siege Tank, SCV  
  41  4:08  Marine x2  
  48  4:12  Supply Depot  
  48  4:17  SCV  
  48  4:18  SCV  
  50  4:29  SCV  
  50  4:30  SCV  
  52  4:41  SCV  
  52  4:42  SCV  
  52  4:44  Marine x2  
  56  4:53  SCV  
  56  4:54  SCV  
  44  5:03  Marine x2  
  44  5:05  SCV  
  44  5:06  Siege Tank  
  43  5:11  SCV  
  44  5:17  Marine  
  44  5:18  Stimpack, SCV  
  44  5:20  Starport Reactor  
  44  5:21  Marine  
  47  5:35  SCV  
  47  5:36  SCV  
  49  5:48  SCV x2  
  51  5:51  Command Center  
  51  5:52  Marine x2  
  51  5:55  Siege Tank  
  56  6:00  SCV x2  
  56  6:02  Marine  
  59  6:12  SCV x2  
  61  6:24  SCV  
  62  6:28  Engineering Bay  
  62  6:32  Supply Depot  
  62  6:34  Supply Depot  
  62  6:42  SCV x2, Marine x3  
  62  6:43  Supply Depot  
  67  6:53  Medivac  
  69  6:54  Medivac, SCV x2  
  69  7:00  Marine x3  
  76  7:03  Combat Shield  
  76  7:06  SCV x2  
  78  7:18  Missile Turret  
  78  7:19  SCV x2  
  78  7:21  Missile Turret  
  80  7:28  Supply Depot x2  
  80  7:31  SCV x2  
  80  7:36  Medivac x2  
  86  7:43  SCV x2  
  88  7:54  Marine x3  
  88  7:55  SCV x2  
  93  8:03  Barracks  
  92  8:07  Barracks, SCV  
  92  8:10  Barracks  
  87  8:18  Marine x3  
  80  8:26  SCV x2  
  78  8:36  Marine x3  
  78  8:38  SCV  
  82  8:46  SCV  
  83  8:49  Medivac  
  83  8:50  SCV  
  83  8:54  Marine x3  
  89  8:58  SCV  
  90  9:03  SCV  
  91  9:12  Marine  
  92  9:22  Marine x2  
  93  9:29  Marine  
  89  9:39  Barracks Reactor x3  
  89  9:40  Marine x2  
  91  9:47  Marine  
  91  9:48  Medivac x2  
  96  9:58  SCV, Marine x2  
  96  9:59  SCV  
  100  10:05  Marine  
  101  10:10  SCV  
  102  10:15  Refinery x2, Marine x3  
  102  10:16  Marine x5  
  102  10:20  Orbital Command  
  110  10:22  SCV  
  110  10:23  SCV, Marine  
  113  10:32  Marine  
  113  10:35  Siege Tank  
  117  10:37  Marine x3  
  117  10:38  Marine  
  117  10:42  SCV  
  122  10:43  SCV  
  122  10:47  Missile Turret, Marine x2  
  122  10:48  Marine  
  122  10:49  Marine  
  122  10:54  SCV  
  122  10:57  SCV x2  
  116  11:06  Marine x8  
  116  11:07  SCV  
  125  11:29  SCV x3, Marine x5  
  125  11:30  Marine x2  
  135  11:34  Supply Depot x2, Missile Turret  
  135  11:41  SCV  
  135  11:42  SCV, Engineering Bay  
  135  11:44  Marine x2  
  135  11:46  Medivac  
  141  11:55  Medivac, Marine x2  
  145  12:02  Marine x7  
  152  12:13  Marine x2  
  152  12:15  SCV x3  
  152  12:19  Marine  
  152  12:20  Marine x3  
  157  12:23  Marine  
  157  12:37  SCV x3, Marine x5  
  157  12:38  Marine x3  
  157  12:40  Marine  
  169  12:50  SCV x3  
  172  12:55  Marine  
Tags
 
League
GoldGold
Matchup
TvT
Opening
1/1/1
Race
Terran
Spawn Locations
Cross Positions
Add a new tag
Caveats
  • Supply blocks, unpowered buildings, or Contaminate may cause inaccurate times.
  • Supply counts are checked every 10 seconds.